[Event "Team 45 45 League T34"]
[Site "Internet Chess Club"]
[Date "2007.08.18"]
[Round "5"]
[White "siddhu"]
[Black "rubo"]
[Result "1-0"]
[WhiteElo "1806"]
[BlackElo "1727"]
[Opening "Caro-Kann: anti-anti-Caro-Kann defense"]
[ECO "B10"]
[Time "15:58:47"]
[TimeControl "2700+45"]

1. e4 c6 2. c4 d5 3. exd5 cxd5 4. cxd5 Nf6 5. Nc3 Nbd7 6. Nf3 Nb6 7. d4 Nfxd5 8.
Nxd5 Qxd5 9. Be2 Bf5 10. O-O e6 11. Bf4 Rc8 12. Rc1 Rxc1 13. Qxc1 Bd6 14. Bxd6
Qxd6 15. Bb5+ Ke7 16. Qg5+ Kf8 17. Rc1 f6 18. Qd2 Ke7 19. Bd3 Bxd3 20. Qxd3 g6
21. Qe3 h5 22. Qd3 Kf7 23. Nh4 Rg8 24. Qc2 Rg7 25. Qe4 Qd5 26. Rc7+ Kf8 27.
Nxg6+ Kg8 28. Ne7+ Rxe7 29. Qg6+ Kf8 30. Qxf6+ {Black resigns} 1-0

[Event "Team 45 45 League T34"]
[Site "Internet Chess Club"]
[Date "2007.08.21"]
[Round "5"]
[White "Changuito-77"]
[Black "michaelus"]
[Result "1-0"]
[WhiteElo "1797"]
[BlackElo "1768"]
[Opening "Queen's pawn game, Krause variation"]
[ECO "D02"]
[Time "14:30:52"]
[TimeControl "2700+45"]

1. Nf3 d5 2. d4 c5 3. e3 Nf6 4. Bd3 e6 5. O-O Nc6 6. b3 Bd6 7. Bb2 O-O 8. Nbd2
Qe7 9. Ne5 cxd4 10. exd4 Ba3 11. Qc1 Bxb2 12. Qxb2 Bd7 13. a3 Nxe5 14. dxe5 Nh5
15. f4 Qh4 16. Qd4 g5 17. g3 Nxg3 18. Nf3 Qg4 19. hxg3 Qxg3+ 20. Kh1 Qh3+ 21.
Nh2 g4 22. Rg1 g3 23. Rxg3+ Qxg3 24. Rg1 Qxg1+ 25. Qxg1+ Kh8 26. Qg5 Rg8 27. Qh6
Rg7 28. Qf6 Bc6 29. Ng4 d4+ 30. Kh2 Kg8 31. Nh6+ Kf8 32. f5 {Black resigns} 1-0

[Event "Team 45 45 League T34"]
[Site "Internet Chess Club"]
[Date "2007.08.18"]
[Round "5"]
[White "parrot9"]
[Black "Electryon"]
[Result "1-0"]
[WhiteElo "1728"]
[BlackElo "1640"]
[Opening "Pirc defense"]
[ECO "B07"]
[Time "10:07:28"]
[TimeControl "2700+45"]

1. e4 d6 2. d4 Nf6 3. Nc3 g6 4. f3 Bg7 5. Be3 O-O 6. Bc4 c6 7. Nge2 d5 8. exd5
cxd5 9. Bd3 b6 10. Qd2 Ba6 11. Bxa6 Nxa6 12. O-O-O Nb4 13. g4 e6 14. h4 h5 15.
gxh5 Nxh5 16. Nf4 Ng3 17. Rhg1 Nf5 18. h5 Nxe3 19. Qxe3 Bh6 20. hxg6 fxg6 21.
Rxg6+ Kh7 22. Rxh6+ Kg8 23. Rg1+ Kf7 24. Qxe6# {Black checkmated} 1-0

[Event "Team 45 45 League T34"]
[Site "Internet Chess Club"]
[Date "2007.08.18"]
[Round "5"]
[White "Klampin"]
[Black "fishhead"]
[Result "0-1"]
[WhiteElo "1989"]
[BlackElo "1979"]
[Opening "King's Indian: fianchetto with ...Nd7"]
[ECO "E68"]
[Time "12:56:41"]
[TimeControl "2700+45"]

1. c4 Nf6 2. Nc3 g6 3. g3 Bg7 4. Bg2 O-O 5. d4 d6 6. Nf3 Nbd7 7. O-O c6 8. e4 e5
9. Be3 h6 10. h3 Re8 11. Qc2 Nf8 12. dxe5 dxe5 13. Rad1 Qe7 14. Rd2 g5 15. g4
Ng6 16. Rfd1 Be6 17. b3 Nd7 18. Rd6 Nf4 19. c5 Rad8 20. Kh2 Qf6 21. Bxf4 Qxf4+
22. Kh1 Bf8 23. R6d2 Qf6 24. b4 Kg7 25. Qa4 b6 26. Qxa7 bxc5 27. Rxd7 Ra8 28.
Qc7 cxb4 29. R7d3 bxc3 30. Rxc3 Rxa2 31. Qxe5 c5 32. Qxf6+ Kxf6 33. Ne1 Rxf2 34.
Nd3 Re2 35. Nxc5 Bc8 36. Nd7+ Bxd7 37. Rxd7 Ke6 38. Rd1 Bd6 39. Rc6 Rd8 40. Kg1
Ke7 41. Rdc1 Bg3 42. Bf3 Rf2 43. Rc7+ Kf6 44. R7c6+ Kg7 45. Bg2 Rdd2 46. Bf1 Bf4
47. Rb1 Be3 {White resigns} 0-1

[Event "Team 45 45 League T34"]
[Site "Internet Chess Club"]
[Date "2007.08.18"]
[Round "5"]
[White "MaunaKeaMike"]
[Black "Vitruvian"]
[Result "0-1"]
[WhiteElo "1814"]
[BlackElo "1855"]
[Opening "Réti: King's Indian attack (Barcza system)"]
[ECO "A07"]
[Time "11:00:51"]
[TimeControl "2700+45"]

1. Nf3 d5 2. g3 c6 3. Bg2 Bg4 4. h3 Bxf3 5. Bxf3 e5 6. d3 f5 7. e4 fxe4 8. dxe4
d4 9. O-O Nf6 10. Bg5 Be7 11. Nd2 O-O 12. Nc4 Nbd7 13. a4 b5 14. axb5 cxb5 15.
Na5 Qc7 16. Qe2 Rab8 17. Rfc1 Bb4 18. Bd2 Bxd2 19. Qxd2 Nc5 20. Re1 Na4 21. Ra2
Qf7 22. Rea1 Qg6 23. Nc6 Rbe8 24. Nxa7 Nc5 25. Rf1 Nfxe4 26. Bxe4 Nxe4 27. Qe2
Re7 28. Ra3 Ng5 29. Kg2 b4 30. Ra6 Qf5 31. g4 Qf4 32. Nc6 Re6 33. Nxb4 Rxa6 34.
Nxa6 Nf3 35. Rh1 Nh4+ 36. Kf1 Qg3 37. Ke1 Qg2 38. Qf1 Qe4+ 39. Kd1 d3 40. cxd3
Qa4+ 41. Ke2 Qxa6 42. Qd1 Qb7 43. b3 Qf3+ 44. Kd2 Qxf2+ 45. Qe2 Qf4+ 46. Qe3
Qb4+ 47. Ke2 Qxb3 48. Qxe5 Qc2+ 49. Ke3 Rf3+ 50. Kd4 Rxd3+ 51. Ke4 Qc4+ {White
resigns} 0-1

[Event "Team 45 45 League T34"]
[Site "Internet Chess Club"]
[Date "2007.08.19"]
[Round "5"]
[White "superbeast"]
[Black "Mater"]
[Result "1-0"]
[WhiteElo "1590"]
[BlackElo "1740"]
[Opening "English, 1...Nf6 (Anglo-Indian defense)"]
[ECO "A15"]
[Time "12:00:40"]
[TimeControl "2700+45"]

1. c4 Nf6 2. g3 d5 3. cxd5 Nxd5 4. Bg2 e6 5. Nf3 Bb4 6. O-O O-O 7. a3 Bc5 8. d4
Be7 9. e4 Nf6 10. Nc3 Nc6 11. Bf4 a6 12. Re1 b5 13. d5 Na5 14. dxe6 Bxe6 15.
Qxd8 Bxd8 16. Nd4 Nh5 17. e5 Rc8 18. Nxe6 fxe6 19. Be3 Nc4 20. Bh3 Nxe3 21.
Bxe6+ Kh8 22. Rxe3 Rb8 23. Bg4 g6 24. Rd1 Ng7 25. e6 Be7 26. Nd5 Bd6 27. e7 Rf7
28. Bd7 Ne8 29. b4 h5 30. Rc1 Kh7 31. Rc6 Ra8 32. Rxa6 Rxa6 33. Bxe8 Rxe7 34.
Nxe7 Kg7 35. Nxg6 Ra8 36. Nf4 h4 37. Ne6+ Kf6 38. Bxb5 hxg3 39. hxg3 Be5 40. Bc6
Ra7 41. b5 Bb2 42. a4 Rxa4 43. Nxc7 Bd4 44. Re6+ Kg5 45. Re4 Ra1+ 46. Kg2 Bb6
47. Nd5 Bc5 48. b6 Rb1 49. b7 Rb2 50. Re5+ Kh6 51. Ne3 Ba7 52. Rb5 {Black
resigns} 1-0

[Event "Team 45 45 League T34"]
[Site "Internet Chess Club"]
[Date "2007.08.18"]
[Round "5"]
[White "jazzpiano"]
[Black "vrahimov"]
[Result "1-0"]
[WhiteElo "1824"]
[BlackElo "1545"]
[Opening "Danish gambit: Schlechter defense"]
[ECO "C21"]
[Time "17:04:56"]
[TimeControl "2700+45"]

1. e4 e5 2. d4 exd4 3. c3 dxc3 4. Bc4 cxb2 5. Bxb2 d5 6. Bxd5 Nf6 7. Nc3 Bc5 8.
Qb3 O-O 9. Rd1 Nxd5 10. Nxd5 Bxf2+ 11. Kxf2 Qe8 12. Nf6+ {Black resigns} 1-0

[Event "Team 45 45 League T34"]
[Site "Internet Chess Club"]
[Date "2007.08.17"]
[Round "5"]
[White "DocHoliday"]
[Black "Moondog"]
[Result "1-0"]
[WhiteElo "1891"]
[BlackElo "1843"]
[Opening "Sicilian defense"]
[ECO "B30"]
[Time "21:04:41"]
[TimeControl "2700+45"]
1. e4 {0:45:30} c5 {0:45:36} 2. Nf3 {0:46:04} Nc6 {0:46:14} 3. Ng1 {0:46:38}
Nf6 {0:46:21} 4. d3 {0:46:35} d6 {0:46:50} 5. Nf3 {0:41:36} g6 {0:47:15} 6.
Nc3 {0:41:46} Bg7 {0:47:02} 7. Be2 {0:42:26} O-O {0:47:40} 8. O-O {0:42:59}
Rb8 {0:47:48} 9. Bg5 {0:41:25} b5 {0:48:24} 10. Qd2 {0:41:02} Re8 {0:47:58}
11. a3 {0:40:16} Be6 {0:48:24} 12. Bh6 {0:40:21} Bh8 {0:49:13} 13. Ng5
{0:39:49} Bd7 {0:49:37} 14. f4 {0:37:44} b4 {0:50:14} 15. axb4 {0:36:51}
cxb4 {0:50:44} 16. Nd1 {0:35:31} Qb6+ {0:51:12} 17. Kh1 {0:34:44} Nd4
{0:51:25} 18. Ne3 {0:34:07} Rec8 {0:50:49} 19. e5 {0:33:36} Ne8 {0:49:51}
20. Bd1 {0:32:37} f6 {0:48:54} 21. Nd5 {0:29:33} Qd8 {0:49:22} 22. exf6
{0:19:06} exf6 {0:49:43} 23. c3 {0:18:01} bxc3 {0:49:53} 24. bxc3 {0:18:19}
fxg5 {0:48:21} 25. Bxg5 {0:18:41} Nf6 {0:48:46} 26. Rxa7 {0:18:10} Nb5
{0:46:23} 27. Bxf6 {0:18:00} Bxf6 {0:46:59} 28. Rxd7 {0:18:30} Qf8 {0:47:27}
29. c4 {0:17:09} Nd4 {0:47:21} 30. f5 {0:16:34} Nxf5 {0:46:32} 31. g4
{0:16:43} Rb2 {0:46:24} 32. Qe1 {0:16:24} Bd4 {0:38:13} 33. gxf5 {0:16:22}
Rxh2+ {0:33:14} 34. Kxh2 {0:14:48} Qh6+ {0:33:41} 35. Kg2 {0:15:24} Qg5+
{0:34:17} 36. Qg3 {0:15:21} Qd2+ {0:34:47} 37. Rf2 {0:15:14} Bxf2 {0:35:04}
38. Nf6+ {0:15:01} {Black resigns} 1-0

[Event "Team 45 45 League T34"]
[Site "Internet Chess Club"]
[Date "2007.08.20"]
[Round "5"]
[White "charles-allen"]
[Black "holtmild"]
[Result "1-0"]
[WhiteElo "1725"]
[BlackElo "1603"]
[Opening "Bishop's opening/Petrov: Urusov gambit"]
[ECO "C24"]
[Time "16:58:46"]
[TimeControl "2700+45"]

1. e4 e5 2. Bc4 Nf6 3. d4 exd4 4. Nf3 Bc5 5. O-O O-O 6. e5 Ne8 7. Nxd4 d5 8. Nb3
Be7 9. Bxd5 Nc6 10. Bf4 Bf5 11. Nc3 Rb8 12. Be4 Qc8 13. Nd4 Nxd4 14. Qxd4 c5 15.
Qd3 Bxe4 16. Qxe4 Nc7 17. Rad1 Ne6 18. Nd5 Bd8 19. Be3 Re8 20. f4 Qc6 21. c4 b5
22. Nf6+ {Black resigns} 1-0

[Event "Team 45 45 League T34"]
[Site "Internet Chess Club"]
[Date "2007.08.19"]
[Round "5"]
[White "ears"]
[Black "GrandPoobah069"]
[Result "0-1"]
[WhiteElo "1647"]
[BlackElo "1670"]
[Opening "Van't Kruijs opening"]
[ECO "A00"]
[Time "16:06:04"]
[TimeControl "2700+45"]

1. e3 d5 2. Nf3 c5 3. d4 cxd4 4. exd4 g6 5. Bd3 Bg7 6. Qe2 Nc6 7. c3 Nf6 8. Bf4
Nh5 9. Be3 Qc7 10. Qd2 Bg4 11. Be2 O-O-O 12. Na3 Rhe8 13. h3 Bxf3 14. Bxf3 e5
15. Nc2 Nf6 16. O-O e4 17. Be2 Ng8 18. c4 dxc4 19. Bxc4 Ne5 20. Be2 Qe7 21. Rfd1
Nc6 22. b4 Kb8 23. b5 Ne5 24. a4 h6 25. Nb4 g5 26. Rab1 Nd7 27. a5 f5 28. d5 f4
29. Bxa7+ Kxa7 30. Nc6+ bxc6 31. bxc6 Nc5 32. Bc4 Be5 33. Rb5 Nf6 34. a6 e3 35.
fxe3 fxe3 36. Qe2 Bf4 37. Rdb1 Rb8 38. Rb7+ Nxb7 39. axb7 Qa3 40. Qe1 Be5 41.
Rb5 Bc3 {White forfeits on time} 0-1

[Event "Team 45 45 League T34"]
[Site "Internet Chess Club"]
[Date "2007.08.20"]
[Round "5"]
[White "jcdios"]
[Black "Silenita"]
[Result "1/2-1/2"]
[WhiteElo "1909"]
[BlackElo "1852"]
[Opening "Nimzo-Indian: 4.e3 O-O, 5.Bd3 d5"]
[ECO "E48"]
[Time "14:07:17"]
[TimeControl "2700+45"]

1. d4 Nf6 2. c4 e6 3. Nc3 Bb4 4. e3 d5 5. Bd3 O-O 6. Ne2 c5 7. O-O Nc6 8. a3
Bxc3 9. bxc3 b6 10. Ng3 Qc7 11. Qe2 Ba6 12. Re1 Rad8 13. Bb2 Na5 14. cxd5 Bxd3
15. Qxd3 c4 16. Qc2 exd5 17. e4 dxe4 18. Nxe4 Nxe4 19. Rxe4 Rfe8 20. Rae1 Rxe4
21. Qxe4 Qd7 22. Bc1 f6 23. Bf4 Nc6 24. h3 f5 25. Qe2 Qf7 26. a4 h6 27. h4 Rd7
28. Qf3 Qd5 29. Qg3 Kh7 30. h5 Qf7 31. Qf3 Qd5 32. Qg3 Qf7 33. Qf3 Qd5 34. Qg3
{Game drawn by repetition} 1/2-1/2

[Event "Team 45 45 League T34"]
[Site "Internet Chess Club"]
[Date "2007.08.21"]
[Round "5"]
[White "Juan73"]
[Black "Razorbackchess"]
[Result "0-1"]
[WhiteElo "1617"]
[BlackElo "1882"]
[Opening "Robatsch (modern) defense"]
[ECO "B06"]
[Time "17:41:16"]
[TimeControl "2700+45"]

1. e4 g6 2. d4 Bg7 3. Nf3 d6 4. Bf4 a6 5. Bc4 e6 6. Nc3 Ne7 7. Qd2 h6 8. h4 Nd7
9. O-O-O b5 10. Bd3 Bb7 11. g4 d5 12. e5 c5 13. dxc5 Nxc5 14. Be2 Qa5 15. Kb1 b4
16. Be3 bxc3 17. Qxc3 Qxc3 18. bxc3 Nd7 19. Bd4 Nc6 20. Rhe1 Nxd4 21. cxd4 O-O
22. Bd3 Rfb8 23. Rh1 Bc6+ 24. Ka1 Bb5 25. Rhe1 Bxd3 26. Rxd3 Nb6 27. Rb3 Bf8 28.
Reb1 Nd7 29. Rb7 Rxb7 30. Rxb7 Nb8 31. Rc7 Kg7 32. Kb2 a5 33. Rc8 Be7 34. Kb3 f6
35. Rc7 Kf8 36. Rc8+ Kf7 37. Rc7 Ke8 38. exf6 Bxf6 39. Ne5 Bxe5 40. dxe5 Nd7 41.
f4 Kd8 42. Rc6 Ke7 43. c4 dxc4+ 44. Kxc4 Rf8 45. Kb5 Rxf4 46. Kxa5 Nxe5 47. Rc5
Kd6 48. Rb5 Rxg4 49. Kb6 Rxh4 50. Rb1 Ra4 51. Ra1 h5 52. Kb5 Ra3 53. Kb4 Ra8 54.
a4 Nc6+ 55. Kb5 Na5 56. Rg1 Nb7 57. Rxg6 Rh8 58. Kb6 Nc5 59. a5 h4 60. Rg5 h3
61. Rxc5 Rb8+ 62. Ka7 Kxc5 63. Kxb8 h2 64. a6 h1=Q 65. a7 e5 66. Kc7 Qa8 {White
resigns} 0-1

[Event "Team 45 45 League T34"]
[Site "Internet Chess Club"]
[Date "2007.08.20"]
[Round "5"]
[White "qs16"]
[Black "egd01"]
[Result "1-0"]
[WhiteElo "1822"]
[BlackElo "1548"]
[Opening "Queen's pawn game"]
[ECO "D00"]
[Time "16:00:04"]
[TimeControl "2700+45"]

1. d4 d5 2. e3 e6 3. Bd3 c5 4. c3 Nf6 5. Nd2 Nc6 6. f4 cxd4 7. exd4 Bd6 8. Nb3
Qc7 9. Qf3 O-O 10. Nh3 h6 11. O-O b6 12. Nf2 Ne7 13. Ng4 Nxg4 14. Qxg4 Ng6 15.
Bxg6 fxg6 16. Qxg6 Bxf4 17. Bxf4 Rxf4 18. Rxf4 Qxf4 19. Rf1 Qd6 20. Qe8+ Kh7 21.
Rf8 Qxf8 22. Qxf8 Bb7 23. Qe7 Ba6 24. Nd2 {Black resigns} 1-0

[Event "Team 45 45 League T34"]
[Site "Internet Chess Club"]
[Date "2007.08.20"]
[Round "5"]
[White "azbycx"]
[Black "ddlj81"]
[Result "0-1"]
[WhiteElo "1869"]
[BlackElo "1965"]
[Opening "QGD Slav: 4.Nc3"]
[ECO "D15"]
[Time "23:00:30"]
[TimeControl "2700+45"]

1. d4 d5 2. c4 c6 3. Nf3 Nf6 4. Nc3 a6 5. a4 e6 6. e3 c5 7. cxd5 exd5 8. Be2 Nc6
9. O-O Bd6 10. dxc5 Bxc5 11. Nd4 O-O 12. Nxc6 bxc6 13. Bf3 Re8 14. Qc2 Qd6 15.
h3 Bb6 16. Rd1 Bc7 17. a5 Qh2+ 18. Kf1 Bd7 19. b4 Be5 20. Bb2 d4 21. Ne4 Nxe4
22. Bxe4 c5 23. bxc5 Bb5+ 24. Bd3 dxe3 25. Bxe5 Rxe5 26. Bxb5 e2+ {White
resigns} 0-1

[Event "Team 45 45 League T34"]
[Site "Internet Chess Club"]
[Date "2007.08.19"]
[Round "5"]
[White "alexcolins"]
[Black "StrayLite"]
[Result "0-1"]
[WhiteElo "1778"]
[BlackElo "1993"]
[Opening "Queen's pawn game, Rubinstein (Colle-Zukertort) variation"]
[ECO "A46"]
[Time "15:07:40"]
[TimeControl "2700+45"]

1. d4 Nf6 2. Nf3 e6 3. e3 c5 4. Bd3 d5 5. b3 Nbd7 6. Bb2 b6 7. Nbd2 Bb7 8. O-O
Be7 9. Qe2 O-O 10. Ne5 Ne4 11. f3 Nxd2 12. Qxd2 Nxe5 13. dxe5 c4 14. Be2 Qc7 15.
f4 b5 16. Bd4 a5 17. Bg4 b4 18. Qf2 Ba6 19. Rfc1 c3 20. f5 exf5 21. Qxf5 Bc8 22.
Qf3 Be6 23. Bf5 Bxf5 24. Qxf5 Qc8 25. Qf3 Qe6 26. Rf1 a4 27. Qe2 Ra5 28. Rf3
axb3 29. cxb3 Qa6 30. Qc2 Qg6 31. Qxg6 hxg6 32. Rf2 Rc8 33. Rc2 Ra3 34. Kf1 Rca8
35. Rcc1 Rxa2 36. Rxa2 Rxa2 37. Rb1 Rd2 38. Ra1 c2 39. Bb2 Rd1+ 40. Ke2 Rxa1 41.
Kd2 Rg1 42. Kxc2 Rxg2+ 43. Kc1 Rxh2 44. Bd4 g5 45. Kd1 g4 46. Ke1 g3 47. Kf1 Bg5
48. Kg1 Re2 49. Kf1 Rxe3 50. Bxe3 Bxe3 51. Kg2 Bf2 52. Kf3 Kf8 {White resigns}
0-1

[Event "Team 45 45 League T34"]
[Site "Internet Chess Club"]
[Date "2007.08.21"]
[Round "5"]
[White "smitty120"]
[Black "deathmage"]
[Result "1-0"]
[WhiteElo "1915"]
[BlackElo "1691"]
[Opening "French: Winawer (Nimzovich) variation"]
[ECO "C15"]
[Time "16:15:08"]
[TimeControl "2700+45"]

1. e4 e6 2. d4 d5 3. Nc3 Bb4 4. a3 Bxc3+ 5. bxc3 dxe4 6. Qg4 Ne7 7. Qxg7 Rg8 8.
Qxh7 c5 9. Qxe4 Nbc6 10. Nf3 Qc7 11. g3 Bd7 12. Bg2 cxd4 13. Nxd4 Nxd4 14. Qxd4
Bb5 15. Rb1 Ba6 16. Bf4 Qc8 17. Qa4+ b5 18. Qd4 Nf5 19. Qb4 Nh4 20. O-O Nxg2 21.
Kxg2 Qc6+ 22. f3 Rc8 23. Be5 Rg5 24. Bf6 Rc5 25. Rbd1 Bb7 26. Qg4 Rd5 27. Qg8+
Kd7 28. Qxf7+ Kd6 29. Qe7# {Black checkmated} 1-0

[Event "Team 45 45 League T34"]
[Site "Internet Chess Club"]
[Date "2007.08.21"]
[Round "5"]
[White "John3v16"]
[Black "Vannak1"]
[Result "1-0"]
[WhiteElo "1968"]
[BlackElo "1985"]
[Opening "English: four knights, kingside fianchetto"]
[ECO "A29"]
[Time "15:59:04"]
[TimeControl "2700+45"]

1. c4 e5 2. Nc3 Nf6 3. Nf3 Nc6 4. g3 d5 5. cxd5 Nxd5 6. Bg2 e4 7. Nxe4 Bf5 8.
Nc3 Ndb4 9. d3 Bc5 10. a3 Nxd3+ 11. exd3 Bxd3 12. Ne2 O-O 13. O-O Re8 14. Be3
Bxe3 15. fxe3 Rxe3 16. Qb3 Rxe2 17. Rfd1 Nd4 18. Qxd3 Rxg2+ 19. Kxg2 c5 20. Nxd4
cxd4 21. Qxd4 Qe8 22. Re1 Qc6+ 23. Qe4 Qd7 24. Rad1 Qc8 25. Rd2 g6 26. Rde2 Qd7
27. Qf3 Rc8 28. Re7 Rc2+ 29. Kh1 {Black resigns} 1-0

[Event "Team 45 45 League T34"]
[Site "Internet Chess Club"]
[Date "2007.08.16"]
[Round "5"]
[White "PoisonIvy"]
[Black "WilliamWine"]
[Result "0-1"]
[WhiteElo "1786"]
[BlackElo "1818"]
[Opening "Queen's pawn"]
[ECO "A40"]
[Time "09:09:43"]
[TimeControl "2700+45"]

1. d4 e6 2. e3 Nf6 3. Bd3 b6 4. f4 Bb7 5. Nf3 c5 6. c3 Nc6 7. Nbd2 cxd4 8. exd4
Qc7 9. Ne5 d6 10. Nxc6 Qxc6 11. Nf3 Be7 12. Qe2 a6 13. Bd2 O-O 14. O-O Rfe8 15.
Rae1 Bf8 16. Qf2 g6 17. Qh4 Bg7 18. Qh3 h5 19. Qg3 b5 20. Nh4 d5 21. Nf3 Ne4 22.
Bxe4 dxe4 23. Ne5 Qd5 24. a3 a5 25. Be3 Qb3 26. Rf2 Bd5 27. Rd2 b4 28. axb4 axb4
29. Bf2 bxc3 30. Qxc3 Reb8 31. Rc1 Ra2 32. Qc7 Bxe5 33. fxe5 e3 34. Rdc2 exf2+
35. Kxf2 Rxb2 36. Rxb2 Qxb2+ 37. Rc2 Qxd4+ 38. Kg3 {White resigns} 0-1

[Event "Team 45 45 League T34"]
[Site "Internet Chess Club"]
[Date "2007.08.21"]
[Round "5"]
[White "ExpertLevel"]
[Black "rippedmonkey"]
[Result "1-0"]
[WhiteElo "1765"]
[BlackElo "1750"]
[Opening "Scandinavian (center counter) defense"]
[ECO "B01"]
[Time "19:08:46"]
[TimeControl "2700+45"]

1. e4 d5 2. exd5 Qxd5 3. Nc3 Qa5 4. d3 e5 5. Bd2 Be6 6. Nf3 Nc6 7. g3 Be7 8. Bg2
Nf6 9. O-O O-O 10. Re1 Nd7 11. Ne4 Qb6 12. Nfg5 Bf5 13. Bc3 Bg6 14. h4 Bb4 15.
h5 Bf5 16. Qf3 Be6 17. h6 Rae8 18. hxg7 Kxg7 19. Nxe6+ Rxe6 20. Bh3 f5 21. Bxf5
Kh8 22. Qh5 Re7 23. Bxb4 Nxb4 24. Rec1 Nf6 25. Nxf6 Rxf6 26. c3 Ref7 27. g4 Nxd3
28. Rc2 Nf4 29. Qh4 Qc6 30. f3 Qc5+ 31. Kh1 Qd6 32. Rh2 h6 33. Re1 Qd5 34. Be4
Qd6 35. g5 Re6 36. g6 Rg7 37. Qxh6+ Kg8 38. Qh8# {Black checkmated} 1-0

[Event "Team 45 45 League T34"]
[Site "Internet Chess Club"]
[Date "2007.08.18"]
[Round "5"]
[White "clarnibass"]
[Black "dondel"]
[Result "0-1"]
[WhiteElo "1777"]
[BlackElo "1621"]
[Opening "Sicilian: Labourdonnais-Löwenthal variation"]
[ECO "B32"]
[Time "13:04:36"]
[TimeControl "2700+45"]

1. e4 c5 2. Nf3 Nc6 3. d4 cxd4 4. Nxd4 e5 5. Nb5 Nf6 6. N1c3 a6 7. Nd6+ Bxd6 8.
Qxd6 Qe7 9. Qxe7+ Nxe7 10. Bg5 b5 11. O-O-O h6 12. Bxf6 gxf6 13. Nd5 Nxd5 14.
Rxd5 Bb7 15. Rd6 Ke7 16. Rd2 Bxe4 17. f3 Bf5 18. g3 Rac8 19. a3 Rc7 20. Bg2 Rhc8
21. c3 a5 22. Re1 b4 23. axb4 axb4 24. Re3 bxc3 25. bxc3 Rxc3+ 26. Rxc3 Rxc3+
{White resigns} 0-1

[Event "Team 45 45 League T34"]
[Site "Internet Chess Club"]
[Date "2007.08.19"]
[Round "5"]
[White "alexcluster"]
[Black "Plattner"]
[Result "0-1"]
[WhiteElo "1790"]
[BlackElo "1786"]
[Opening "French: Winawer, advance, poisoned pawn variation"]
[ECO "C18"]
[Time "08:02:28"]
[TimeControl "2700+45"]

1. e4 e6 2. d4 d5 3. Nc3 Bb4 4. e5 c5 5. a3 Bxc3+ 6. bxc3 Ne7 7. Qg4 O-O 8. Bd3
f5 9. exf6 Rxf6 10. Qh5 g6 11. Qd1 Nbc6 12. Nf3 Qf8 13. Be3 c4 14. Be2 Bd7 15.
a4 b6 16. O-O h6 17. Ne5 Nxe5 18. dxe5 Rf7 19. Bg4 Nc6 20. Bd4 Qg7 21. Qe2 Nxd4
22. cxd4 Rf4 23. c3 Raf8 24. g3 R4f7 25. f3 Re7 26. Bh3 Be8 27. Bg2 g5 28. Qd2
Bg6 29. a5 b5 30. a6 Rb8 31. Ra5 Rc7 32. Qb2 Qe7 33. Rxb5 Rxb5 34. Qxb5 Be8 35.
Qb2 Qd7 36. Bh3 Rc6 37. Ra1 Rb6 38. Qd2 Bg6 39. f4 Qe7 40. fxg5 Qxg5 41. Qxg5
hxg5 42. Bg4 Bd3 43. Bd1 Rb2 44. Bg4 Kf7 45. Bh5+ Ke7 46. Bd1 Be4 47. Ba4 Rg2+
48. Kf1 Rxh2 49. Re1 Ra2 50. Bd1 Rxa6 51. Kf2 Ra3 52. Re3 a5 53. Bf3 Ra2+ 54.
Ke1 Bd3 55. Kd1 a4 56. Kc1 a3 {White resigns} 0-1

[Event "Team 45 45 League T34"]
[Site "Internet Chess Club"]
[Date "2007.08.19"]
[Round "5"]
[White "LoseOften"]
[Black "mambomex"]
[Result "0-1"]
[WhiteElo "1833"]
[BlackElo "1774"]
[Opening "KGD: classical variation"]
[ECO "C30"]
[Time "12:36:40"]
[TimeControl "2700+45"]

1. e4 e5 2. f4 Bc5 3. Nf3 d6 4. Bc4 Nf6 5. Nc3 a6 6. d3 O-O 7. Qe2 Nc6 8. f5 b5
9. Bb3 Nd4 10. Nxd4 Bxd4 11. Be3 c6 12. O-O d5 13. Bxd4 exd4 14. Nb1 Re8 15. Nd2
c5 16. a4 c4 17. Ba2 c3 18. bxc3 dxc3 19. Nf3 dxe4 20. Ng5 exd3 21. Bxf7+ Kf8
22. Qxd3 Qxd3 23. cxd3 Re2 24. Be6 b4 25. Bc4 Rb8 26. Bb3 h6 27. Ne6+ Bxe6 28.
fxe6 Ke7 29. Rae1 Rd2 30. Rd1 Rd8 31. Rxd2 cxd2 32. Bc4 Ng4 33. Rd1 Ne3 34. Rxd2
Nxc4 35. Rf2 Rxd3 36. Rf7+ Kxe6 37. Rxg7 b3 38. Rb7 b2 39. Kf2 Rd1 {White
resigns} 0-1

[Event "Team 45 45 League T34"]
[Site "Internet Chess Club"]
[Date "2007.08.19"]
[Round "5"]
[White "calily"]
[Black "hansolo1000"]
[Result "1/2-1/2"]
[WhiteElo "1686"]
[BlackElo "1761"]
[Opening "Benkö gambit"]
[ECO "A57"]
[Time "02:04:43"]
[TimeControl "2700+45"]

1. d4 Nf6 2. c4 c5 3. d5 b5 4. b3 g6 5. Bb2 Bg7 6. Nd2 O-O 7. e4 d6 8. Ngf3 Qa5
9. Qc2 e6 10. Bc3 b4 11. Bb2 e5 12. Be2 Nh5 13. O-O Nf4 14. Bd3 f5 15. a3 bxa3
16. Rxa3 Qb6 17. Bc3 Na6 18. Rfa1 Nb4 19. Bxb4 cxb4 20. Ra5 Bd7 21. Ra6 Qc7 22.
Bf1 Rf7 23. g3 Nh5 24. Bg2 Bf6 25. Qa2 Bc8 26. Ra4 Qb6 {Game drawn by mutual
agreement} 1/2-1/2

[Event "Team 45 45 League T34"]
[Site "Internet Chess Club"]
[Date "2007.08.17"]
[Round "5"]
[White "Stav"]
[Black "fantanaranja"]
[Result "0-1"]
[WhiteElo "1621"]
[BlackElo "1735"]
[Opening "Queen's pawn game, Krause variation"]
[ECO "D02"]
[Time "10:05:48"]
[TimeControl "2700+45"]

1. d4 d5 2. Nf3 c5 3. e3 Nf6 4. c4 Nc6 5. Nc3 cxd4 6. Nxd4 e5 7. Nf3 d4 8. exd4
exd4 9. Nb5 Bb4+ 10. Bd2 Qe7+ 11. Qe2 Bxd2+ 12. Nxd2 Be6 13. O-O-O a6 14. Na3
O-O 15. h3 Rac8 16. g4 Rfe8 17. Bg2 Qd6 18. g5 Bg4 19. Qd3 Bxd1 20. gxf6 Be2 21.
Ne4 Qf4+ 22. Nd2 Bxd3 {White resigns} 0-1